 Dungeon Crawl Stone Soup version 0.31-a0-188-g5e087ee2ca (webtiles) character file.

Game seed: 5542435064551752821

6849 bobo the Thaumaturge (level 10, 0/61 HPs)
             Began as a Deep Elf Earth Elementalist on June 20, 2023.
             Was a Priest of Vehumet.
             Slain by a skeletal warrior
             ... wielding a +0 dire flail
              (16 damage)
             ... on level 10 of the Dungeon on June 23, 2023.
             The game lasted 00:33:44 (10758 turns).

bobo the Thaumaturge (Deep Elf Earth Elementalist) Turns: 10758, Time: 00:33:45

Health: 0/61       AC: 16    Str:  5    XL:     10   Next: 78%
Magic:  18/35      EV: 13    Int: 25    God:    Vehumet [***...]
Gold:   216        SH:  0    Dex: 15    Spells: 8/29 levels left

rFire   . . .        c - +3 quarterstaff (chaos)
rCold   . . .        (shield currently unavailable)
rNeg    . . .        t - +2 robe {Will+}
rPois   .            D - +0 helmet
rElec   .            n - +0 cloak {Stlth+}
rCorr   .            G - +2 pair of gloves "Rerch" {Fly MP+9 Slay+2}
SInv    .            a - +2 pair of boots
Will    ++...        (no amulet)
Stlth   ++++         p - ring of wizardry
HPRegen 0.30/turn    s - +4 ring of protection
MPRegen 0.24/turn

%: wizardry (x1)
@: about to teleport, liquefying, flying, slowed movement, very slow
A: no striking features
a: Renounce Religion


You were on level 10 of the Dungeon.
You worshipped Vehumet.
Vehumet was most pleased with you.
You visited 2 branches of the dungeon, and saw 11 of its levels.

You collected 456 gold pieces.
You spent 240 gold pieces at shops.

Inventory:

Hand Weapons
 c - a +3 quarterstaff of chaos (weapon)
 h - a +2 dagger of venom
Missiles
 i - 4 throwing nets
Armour
 a - a +2 pair of boots (worn)
 e - a +0 troll leather armour
 n - a +0 cloak of stealth (worn)
 t - a +2 robe of willpower (worn)
 D - a +0 helmet (worn)
 G - the +2 pair of gloves "Rerch" (worn) {Fly MP+9 Slay+2}
   (You found it on level 7 of the Dungeon)

   Slay:      It affects your accuracy & damage with ranged weapons and melee
   (+2).
   MP:        It affects your magic capacity (+9).
   Fly:       It grants you flight.
Jewellery
 o - a ring of willpower
 p - a ring of wizardry (left hand)
 s - a +4 ring of protection (right hand)
 F - an amulet of faith
 I - a ring of see invisible
Wands
 m - a wand of paralysis (4)
 x - a wand of flame (33)
 H - a wand of polymorph (9)
Scrolls
 d - 4 scrolls of teleportation
 f - 2 scrolls of revelation {unknown}
 g - a scroll of silence {unknown}
 j - 3 scrolls of blinking
 l - 3 scrolls of fear
 q - a scroll of brand weapon {unknown}
 r - 3 scrolls of amnesia {unknown}
 u - 2 scrolls of poison
 y - a scroll of fog {unknown}
 B - a scroll of immolation {unknown}
Potions
 b - 2 potions of magic
 k - 3 potions of haste
 w - a potion of brilliance
 z - 2 potions of mutation
 A - a potion of resistance
 C - a potion of enlightenment
 E - 4 potions of heal wounds
 J - 2 potions of might
 K - 3 potions of curing


   Skills:
 + Level 6.8 Fighting
 + Level 4.1 Dodging
 - Level 4.0 Stealth
 - Level 10.0 Spellcasting
 - Level 8.0 Conjurations
 + Level 2.7 Hexes
 + Level 5.8 Summonings
 + Level 2.5 Transmutations
 + Level 0.8 Air Magic
 - Level 8.0 Earth Magic
 + Level 0.9 Poison Magic


You had 8 spell levels left.
You knew the following spells:

 Your Spells              Type           Power      Damage    Failure   Level
a - Sandblast             Erth           100%       2d20      1%          1
c - Call Canine Familiar  Summ           41%        N/A       1%          3
d - Mephitic Cloud        Conj/Pois/Air  28%        N/A       1%          3
f - Freeze                Ice            48%        1d6       1%          1
l - Leda's Liquefaction   Hex/Erth       19%        N/A       2%          4
p - Petrify               Tmut/Erth      38%        N/A       2%          4
s - Stone Arrow           Conj/Erth      100%       3d13      1%          3
w - Passwall              Tmut/Erth      31%        N/A       1%          2

Your spell library contained the following spells:

 Spells                   Type           Power      Damage    Failure   Level
 Portal Projectile        Hex/Tloc       38%        N/A       3%          3


Dungeon Overview and Level Annotations

Branches:
Dungeon (10/15)            Temple (1/1) D:5
   Lair: D:8-11         Orc: D:9-12

Altars:
Ashenzari
Cheibriados
Dithmenos
Elyvilon
Fedhas
Gozag
Kikubaaqudgha
Makhleb
Nemelex Xobeh
Okawaru
Sif Muna
Trog
Uskayaw
Vehumet
Wu Jian
Xom
Zin
The Shining One

Shops:
D:6 [   D:8 =   D:9 ?

Annotations:
D:1 1 transporter


Message History

Casting: Stone Arrow (safe; 1% risk of failure)
Confirm with . or Enter, or press ? or * to list all spells.
Aiming: Stone Arrow (safe; 1% risk of failure)
Press: ? - help, Shift-Dir - straight line, f/p - skeletal warrior
Aim: a skeletal warrior, wielding a +0 dire flail and wearing a +0 robe (lightly damaged, 78% to hit)
The stone arrow hits the skeletal warrior!!
The skeletal warrior is heavily damaged.
Casting: Stone Arrow (safe; 1% risk of failure)
Confirm with . or Enter, or press ? or * to list all spells.
Aiming: Stone Arrow (safe; 1% risk of failure)
Press: ? - help, Shift-Dir - straight line, f/p - skeletal warrior
Aim: a skeletal warrior, wielding a +0 dire flail and wearing a +0 robe (heavily damaged, 78% to hit)
The stone arrow misses the skeletal warrior.
Casting: Stone Arrow (safe; 1% risk of failure)
Confirm with . or Enter, or press ? or * to list all spells.
Aiming: Stone Arrow (safe; 1% risk of failure)
Press: ? - help, Shift-Dir - straight line, f/p - skeletal warrior
Aim: a skeletal warrior, wielding a +0 dire flail and wearing a +0 robe (heavily damaged, 78% to hit)
The stone arrow hits the skeletal warrior!
The skeletal warrior is heavily damaged.
The skeletal warrior misses you.
The skeletal warrior attacks as you move away!
The skeletal warrior barely misses you.
Casting: Stone Arrow (safe; 1% risk of failure)
Confirm with . or Enter, or press ? or * to list all spells.
The ground around you becomes liquefied!
The skeletal warrior hits you with a +0 dire flail!!
Casting: Leda's Liquefaction (dangerous; 2% risk of failure)
Confirm with . or Enter, or press ? or * to list all spells.
Aiming: Stone Arrow (safe; 1% risk of failure)
Press: ? - help, Shift-Dir - straight line, f/p - skeletal warrior
Aim: a skeletal warrior, wielding a +0 dire flail and wearing a +0 robe (heavily damaged, covering ground slowly, 78% to hit)
The stone arrow hits the skeletal warrior!!
The skeletal warrior is almost destroyed.
The skeletal warrior hits you with a +0 dire flail!!
* * * LOW HITPOINT WARNING * * *
As you read the scroll of teleportation, it crumbles to dust.
You feel strangely unstable.
The skeletal warrior hits you with a +0 dire flail!
You die...

....................##########
..........#######............#
..........# ##.##........#
.........†########.##........#
........#......[.............#
...........z.#####.##........#
...........#z..###.###########
..........##.z.#.## ..##.
###@...### # ##.....#####
######.........#
...............#
####...........)..#
######.......^.####.)###
#......#........###)##
####.#####......)......#
.....# #..........####


You could see 3 skeletal warriors.

Vanquished Creatures
  Amaemon (D:9)
  A skeletal warrior (D:10)
  Pikel (D:6)
  An orange demon (D:9)
  3 trolls
  A hornet (D:8)
  Sigmund (D:3)
  A wyvern (D:7)
  Grum (D:9)
  2 steam dragons
  An acid dragon (D:10)
  A water moccasin (D:6)
  3 black bears
  An orc warrior (D:10)
  An ogre (D:5)
  4 centaurs
  2 wolves (D:9)
  3 bullfrogs
  4 kobold brigands
  3 gnoll sergeants
  6 wights (D:10)
  3 killer bees
  3 howler monkeys
  A gnoll bouda (D:8)
  2 hounds
  5 jellies
  4 orc priests
  Crazy Yiuf (D:2)
  2 sleepcaps
  Ijyb (D:4)
  5 iguanas
  4 orc wizards
  17 gnolls
  5 adders
  3 shadow imps
  2 white imps (D:7)
  An ufetubus (D:6)
  2 dart slugs (D:5)
  23 orcs
  4 endoplasms
  2 giant cockroaches (D:1)
  7 goblins
  6 hobgoblins
  6 jackals
  5 quokkas
  10 ball pythons
  5 bats
  4 frilled lizards
  19 kobolds
  7 rats
201 creatures vanquished.

Vanquished Creatures (collateral kills)
  A hound (D:5)
  An orc wizard (D:7)
  A white imp (D:6)
  An orc (D:6)
  4 kobolds
8 creatures vanquished.

Grand Total: 209 creatures vanquished

Notes
Turn   | Place    | Note
-------+----------+-------------------------------------------
     0 | D:1      | bobo the Deep Elf Earth Elementalist began the quest for
                  | the Orb.
     0 | D:1      | Reached XP level 1. HP: 10/10 MP: 6/6
   197 | D:1      | Reached XP level 2. HP: 15/15 MP: 3/8
   493 | D:1      | Learned a level 2 spell: Passwall
  1101 | D:2      | Reached skill level 4 in Spellcasting
  1208 | D:2      | Reached XP level 3. HP: 17/19 MP: 8/10
  1670 | D:2      | Found a runed translucent door.
  1671 | D:2      | Noticed Crazy Yiuf
  1677 | D:2      | Learned a level 3 spell: Stone Arrow
  1681 | D:2      | Learned a level 3 spell: Call Canine Familiar
  1685 | D:2      | Killed Crazy Yiuf
  1686 | D:2      | Reached XP level 4. HP: 6/24 MP: 1/12
  2192 | D:3      | Noticed Sigmund
  2194 | D:3      | Killed Sigmund
  2195 | D:3      | Reached skill level 1 in Fighting
  2195 | D:3      | Reached skill level 5 in Spellcasting
  2195 | D:3      | Reached XP level 5. HP: 29/29 MP: 6/14
  2520 | D:3      | Reached skill level 5 in Earth Magic
  2523 | D:3      | Reached XP level 6. HP: 35/35 MP: 11/16
  2528 | D:3      | Learned a level 4 spell: Petrify
  2623 | D:3      | Found a white marble altar of Elyvilon.
  2875 | D:4      | Noticed a +0 short sword
  2875 | D:4      | Noticed a +0 spear
  2875 | D:4      | Noticed a +0 falchion
  2876 | D:4      | Noticed a +0 spear
  2877 | D:4      | Noticed a +0 dagger
  2878 | D:4      | Noticed a +0 dagger
  2879 | D:4      | Noticed a +0 falchion
  2879 | D:4      | Noticed a +0 short sword
  2892 | D:4      | Found a hide-covered altar of Uskayaw.
  2928 | D:4      | Noticed Ijyb
  2935 | D:4      | Killed Ijyb
  3289 | D:4      | Found a sparkling altar of Nemelex Xobeh.
  3646 | D:5      | Entered Level 5 of the Dungeon
  3656 | D:5      | Found a staircase to the Ecumenical Temple.
  3667 | Temple   | Entered the Ecumenical Temple
  3717 | Temple   | Became a worshipper of Vehumet
  3797 | D:5      | Found a broken altar of Ashenzari.
  3917 | D:5      | Reached skill level 6 in Spellcasting
  3917 | D:5      | Reached XP level 7. HP: 40/40 MP: 10/18
  4104 | D:5      | Found an ancient bone altar of Kikubaaqudgha.
  4436 | D:5      | Reached skill level 1 in Summonings
  4980 | D:6      | Reached XP level 8. HP: 43/46 MP: 2/20
  5263 | D:6      | Reached * piety under Vehumet
  5263 | D:6      | Offered knowledge of Freeze by Vehumet.
  5267 | D:6      | Learned a level 1 spell: Freeze
  5302 | D:6      | Reached skill level 7 in Spellcasting
  5343 | D:6      | Found a snail-covered altar of Cheibriados.
  5415 | D:6      | Found an ornate altar of the Wu Jian Council.
  5827 | D:6      | Noticed an animated crystal plate armour
  5851 | D:6      | Found Tisog's Armour Shop.
  5851 | D:6      | Noticed an animated crystal plate armour
  5911 | D:6      | Reached skill level 5 in Conjurations
  6636 | D:7      | Reached skill level 8 in Spellcasting
  6750 | D:7      | Reached XP level 9. HP: 52/52 MP: 15/23
  7151 | D:7      | Identified the +2 pair of gloves "Rerch" {Fly MP+9 Slay+2}
  7255 | D:7      | Noticed Pikel
  7257 | D:7      | Reached ** piety under Vehumet
  7257 | D:7      | Offered knowledge of Foxfire by Vehumet.
  7270 | D:6      | Killed Pikel
  7271 | D:6      | Reached skill level 5 in Summonings
  7513 | D:7      | Reached skill level 5 in Fighting
  7731 | D:8      | Found a blossoming altar of Fedhas.
  7743 | D:8      | Found a burning altar of Makhleb.
  7827 | D:8      | Found Just's Jewellery Emporium.
  7831 | D:8      | Bought a ring of see invisible for 150 gold pieces
  8415 | D:8      | Found a glowing golden altar of the Shining One.
  8700 | D:8      | Reached skill level 9 in Spellcasting
  8705 | D:8      | Offered knowledge of Scorch by Vehumet.
  9038 | D:8      | Learned a level 4 spell: Leda's Liquefaction
  9111 | D:9      | Noticed a two-headed ogre
  9211 | D:9      | Found a shimmering altar of Xom.
  9226 | D:9      | Upgraded the game from 0.31-a0-182-gc5ef74bbde to
                  | 0.31-a0-188-g5e087ee2ca
  9253 | D:9      | Found Azanecoj's Magic Scroll Shoppe.
  9261 | D:9      | Bought a scroll of blinking for 90 gold pieces
  9270 | D:9      | Noticed Grum
  9279 | D:9      | Killed Grum
  9280 | D:9      | Reached XP level 10. HP: 44/60 MP: 25/25
  9287 | D:9      | Reached *** piety under Vehumet
  9578 | D:9      | Noticed an orange demon
  9582 | D:9      | Noticed Amaemon
  9590 | D:9      | Killed Amaemon
  9685 | D:9      | Killed an orange demon
  9686 | D:9      | Reached skill level 10 in Spellcasting
  9788 | D:9      | Found an iron altar of Okawaru.
  9821 | D:9      | Found a shimmering blue altar of Sif Muna.
  9910 | D:9      | Found a bloodstained altar of Trog.
 10166 | D:10     | Entered Level 10 of the Dungeon
 10171 | D:10     | Reached skill level 1 in Hexes
 10280 | D:10     | Noticed a skeletal warrior
 10289 | D:10     | Killed a skeletal warrior
 10289 | D:10     | Offered knowledge of Mephitic Cloud by Vehumet.
 10294 | D:10     | Learned a level 3 spell: Mephitic Cloud
 10575 | D:10     | Noticed a skeletal warrior
 10576 | D:10     | Noticed a skeletal warrior
 10580 | D:10     | Noticed a skeletal warrior
 10758 | D:10     | Slain by a skeletal warrior

Illustrated notes

Levels and vault maps discovered:
D:1:      spicycebolla_arrival_risky_transporter, layout_basic, serial_bayou,
          serial_bayou_ford_a, serial_bayou_lagoon_a, serial_bayou_pond_e,
          serial_bayou_pond_e
D:2:      minmay_skewed_foursquare, layout_loops_ring, bh_walls_and_bars,
          uniq_crazy_yiuf_cottage
D:3:      layout_loops_ring, mainiacjoe_overflow_chevrons, uniq_sigmund
D:4:      nicolae_cairo_tiling_large_dashed, layout_loops_ring,
          nicolae_uskayaw_en_pointe, nemelex_diamond_rough_becter,
          minmay_misc_feat_alley, st_stairs_3, skrybe_limestone_x, uniq_ijyb
D:5:      layout_basic, kiku_gazebo_garden_becter, old_standard_altar,
          minmay_temple_entry_glass
D:6:      nicolae_cairo_tiling_very_big, layout_loops_corners,
          lemuel_tele_altar, mainiacjoe_overflow_cross_hatched, serial_shops,
          nicolae_shop_mannequins
D:7:      layout_basic, grunt_decor_clamped, uniq_pikel
D:8:      layout_basic, mainiacjoe_overflow_catwalk,
          mainiacjoe_overflow_large_starburst, serial_shops,
          nicolae_shop_pleasant_corner_grove
D:9:      layout_loops_ring, mainiacjoe_overflow_paths, trog_hazing_becter,
          kennysheep_mini, mainiacjoe_overflow_concentric_impassable,
          serial_shops, nicolae_shop_peninsula, uniq_amaemon, uniq_grum
D:10:     layout_rooms, worldfamousw_hep_ancestral_shrine
Temple:   nicolae_temple_superstar

Skill      XL: |  1  2  3  4  5  6  7  8  9 10 |
---------------+-------------------------------+-----
Spellcasting   | 4 5 6 8 9 10 | 10.0
Earth Magic    | 4 5 6 7 8 |  8.0
Fighting       | 1 2 3 4 5 6 |  6.8
Conjurations   | 2 3 4 5 7 8 |  8.0
Summonings     | 2 4 5 |  5.8
Dodging        | 4 |  4.1
Stealth        | 4 |  4.0
Hexes          | 2 |  2.7
Transmutations | 2 |  2.5
Air Magic      | |  0.8
Poison Magic   | |  0.9

Action                     |  1- 3 |  4- 6 |  7- 9 | 10-12 || total
---------------------------+-------+-------+-------+-------++-------
  Melee: Unarmed           |     6 |       |       |       ||     6
   Cast: Sandblast         |    44 |    47 |    71 |    37 ||   199
         Stone Arrow       |     3 |    11 |    80 |    37 ||   131
         Call Canine Famil |       |     1 |    13 |     6 ||    20
         Passwall          |       |     1 |     1 |       ||     2
         Petrify           |       |       |    10 |     3 ||    13
         Leda's Liquefacti |       |       |     2 |     4 ||     6
         Mephitic Cloud    |       |       |       |     3 ||     3
    Use: Potion            |       |     1 |       |       ||     1
         Scroll            |       |       |    10 |     2 ||    12
 Armour: Robe              |     2 |     3 |    30 |    10 ||    45
  Dodge: Dodged            |     4 |     9 |    43 |    15 ||    71

Table legend: (Time is in decaauts)
 A = Elapsed time spent in this place.
 B = Non-inter-level travel time spent in this place.
 C = Inter-level travel time spent in this place.
 D = Time resting spent in this place.
 E = Time spent auto-exploring this place.
 F = Levels seen in this place.
 G = Mean time per level.
                   A        B        C        D        E       F      G
               +--------+--------+--------+--------+--------+-----+--------+
         Total |  10915 |  10381 |    534 |    356 |   8633 |  11 |  992.3 |
       Dungeon |  10833 |  10329 |    504 |    356 |   8595 |  10 | 1083.3 |
        Temple |     81 |     51 |     30 |      0 |     38 |   1 |   81.0 |
               +--------+--------+--------+--------+--------+-----+--------+

Top non-repeatable levels by time:
     D:6: 1590 daAuts
     D:8: 1527 daAuts
     D:5: 1287 daAuts
     D:2: 1131 daAuts
     D:7: 1025 daAuts
     D:1: 975 daAuts
     D:9: 974 daAuts
     D:4: 960 daAuts
     D:3: 765 daAuts
    D:10: 596 daAuts
  Temple: 81 daAuts
